Map: Nightshade LE

Players

Haaans

  • Race: Protoss Protoss
  • League: Platinum
  • Spawn Location: 11:00

A.I. 1 (Very Easy) - Winner!

  • Race: Terran Terran
  • Spawn Location: 5:00

VOD

Have the link to the VOD?

Description

This is a build for PvX where you open core first and focus on economy and upgrades before you scale up to 8 gates and two robos on 4 bases.

Time

  • Played on: May 26, 2020, 2:26 p.m.
  • Length: 9:00
Show
View Real Time Build Order
Export as new Build Order

Haaans Protoss 

Build Orders: 1 Gate Expand, Archon Immortal 

Get SALT Encoding   

  12  0:01  Probe  
  13  0:13  Probe  
  14  0:17  Pylon  
  14  0:25  Probe  
  15  0:35  Gateway  
  15  0:38  Probe (Chrono Boost)  
  16  0:48  Probe (Chrono Boost)  
  17  0:50  Assimilator  
  17  0:53  Probe (Chrono Boost)  
  18  1:05  Probe  
  19  1:17  Probe  
  20  1:26  Cybernetics Core  
  20  1:37  Nexus  
  20  1:41  Probe  
  21  1:48  Pylon  
  21  1:54  Assimilator  
  21  1:56  Probe  
  22  2:02  Warp Gate  
  22  2:07  Stalker  
  24  2:12  Probe  
  25  2:21  Gateway  
  25  2:24  Probe  
  26  2:32  Pylon  
  26  2:36  Probe  
  27  2:42  Stalker  
  29  2:49  Probe (Chrono Boost)  
  29  2:50  Probe (Chrono Boost)  
  32  3:00  Probe x2 (Chrono Boost)  
  32  3:05  Robotics Facility  
  33  3:07  Probe  
  33  3:08  Probe  
  35  3:16  Stalker  
  37  3:21  Probe  
  37  3:22  Probe  
  39  3:27  Stalker  
  39  3:34  Probe x2  
  43  3:38  Pylon  
  43  3:46  Probe x2  
  43  3:47  Pylon  
  45  3:54  Observer  
  46  3:56  Stalker  
  46  3:58  Probe x2  
  50  4:08  Assimilator  
  50  4:10  Probe x2, Stalker, Assimilator  
  54  4:18  Immortal  
  54  4:22  Probe x2  
  60  4:26  Stalker  
  62  4:35  Probe x2  
  64  4:40  Stalker  
  66  4:48  Probe x2  
  66  4:51  Nexus  
  68  4:55  Stalker  
  70  5:11  Pylon  
  70  5:27  Pylon  
  70  5:29  Probe x2, Immortal (Chrono Boost)  
  70  5:31  Sentry  
  78  5:50  Pylon  
  78  5:52  Forge  
  78  5:53  Forge  
  78  5:55  Stalker x2  
  82  6:10  Immortal (Chrono Boost)  
  86  6:16  Pylon  
  86  6:20  Twilight Council, Gateway, Protoss Ground Armor Level 1 (Chrono Boost), Protoss Ground Weapons Level 1 (Chrono Boost)  
  86  6:21  Gateway  
  86  6:25  Gateway  
  86  6:28  Gateway  
  86  6:31  Stalker x2  
  90  6:38  Probe x2  
  90  6:39  Probe  
  93  6:47  Pylon  
  93  6:49  Immortal  
  93  6:50  Probe x2  
  93  6:51  Probe  
  100  6:59  Pylon  
  100  7:02  Probe, Assimilator  
  100  7:03  Probe x2, Pylon  
  100  7:05  Assimilator  
  100  7:06  Sentry x2  
  107  7:11  Charge  
  107  7:15  Templar Archives  
  107  7:20  Stalker x2  
  111  7:24  Probe (Chrono Boost)  
  111  7:27  Probe x2 (Chrono Boost)  
  114  7:36  Probe (Chrono Boost)  
  115  7:41  Probe (Chrono Boost)  
  115  7:42  Probe (Chrono Boost)  
  115  7:43  Probe (Chrono Boost)  
  118  7:49  Probe  
  118  7:50  Gateway  
  119  7:53  Gateway  
  119  8:00  Probe x2 (Chrono Boost), Nexus  
  119  8:03  Pylon  
  121  8:06  Pylon  
  121  8:07  Stalker  
  121  8:08  Stalker  
  125  8:13  Immortal  
  129  8:26  Probe  
  129  8:27  Probe  
  131  8:34  High Templar x4  
  131  8:35  High Templar  
  131  8:36  High Templar  
  131  8:40  Archon x2  
  143  8:41  Archon  
  143  8:48  Robotics Facility  
Show
View Real Time Build Order
Export as new Build Order

A.I. 1 (Very Easy) Terran - Winner!

Build Orders:  

Get SALT Encoding   

  12  0:00  SCV  
  13  0:13  SCV  
  14  0:17  Supply Depot  
  14  0:37  Refinery  
  14  0:42  Barracks  
  14  1:03  Supply Depot  
  14  1:11  Refinery  
  14  1:30  Marine  
  14  1:32  Orbital Command  
  15  1:49  Barracks Tech Lab  
  15  1:58  SCV  
  16  2:10  SCV  
  16  2:12  Marine  
  18  2:22  SCV  
  19  2:34  SCV  
  20  2:46  SCV  
  21  2:55  Marauder  
  24  2:58  SCV  
  24  6:25  SCV  
  24  6:26  Marine  
  24  6:28  Supply Depot  
  24  6:30  Factory  
  26  6:34  Command Center  
  26  6:38  SCV  
  27  6:50  SCV  
  27  6:52  Supply Depot  
  28  6:59  Marine  
  29  7:02  SCV  
  30  7:15  Starport  
  26  7:31  Marine  
  27  7:47  SCV  
  28  7:54  SCV, Refinery, Starport Tech Lab  
  28  7:55  Refinery  
  29  8:01  SCV  
  29  8:03  Marine  
  31  8:08  SCV  
  32  8:13  Raven  
  32  8:15  SCV  
  35  8:23  SCV  
  36  8:30  SCV  
  37  8:35  Marine  
  37  8:37  SCV  
  39  8:44  SCV  
Tags
 
Add a new tag
Caveats
  • Supply blocks, unpowered buildings, or Contaminate may cause inaccurate times.
  • Supply counts are checked every 10 seconds.